 Dungeon Crawl Stone Soup version 0.30-b1-2-g02819fbbbe (webtiles) character file.

Game seed: 13761719668093338525

3850 erloom the Carver (level 9, -4/74 (75) HPs)
             Began as a Demigod Gladiator on May 28, 2023.
             Slain by Gastronok (33 damage)
             ... on level 8 of the Dungeon.
             The game lasted 00:19:53 (8908 turns).

erloom the Carver (Demigod Gladiator)               Turns: 8908, Time: 00:19:53

HP:   -4/74 (75)    AC:  7    Str: 15    XL:     9   Next: 66%
MP:   11/11         EV: 16    Int: 10    God:
Gold: 441           SH:  0    Dex: 33    Spells: 8/8 levels left

rFire   . . .        a - +0 long sword
rCold   . . .        (no shield)
rNeg    . . .        y - +0 ring mail
rPois   .            c - +0 helmet
rElec   .            (no cloak)
rCorr   .            t - +0 pair of gloves
SInv    .            (no boots)
Will    .....        (no amulet)
Stlth   ++           f - +6 ring of dexterity
HPRegen 0.32/turn    (no ring)
MPRegen 0.12/turn

%: no passive effects
@: silenced, flying, lightly drained
A: high MP 1, forlorn, divine attributes
a: no special abilities


You were on level 8 of the Dungeon.
You visited 2 branches of the dungeon, and saw 9 of its levels.

You collected 441 gold pieces.

Inventory:

Hand Weapons
 a - a +0 long sword (weapon)
 o - a +1 spear of freezing
 r - a +1 whip of flaming
 I - a +0 rapier
 K - a +0 falchion
Missiles
 d - 2 throwing nets (quivered)
 e - a javelin
 F - 3 boomerangs
Armour
 b - a +0 leather armour
 c - a +0 helmet (worn)
 t - a +0 pair of gloves (worn)
 y - a +0 ring mail (worn)
Jewellery
 f - a +6 ring of dexterity (left hand)
 s - a ring of ice
 u - a ring of ice
 E - a ring of magical power
 G - a ring of magical power
Wands
 n - a wand of charming (20)
 v - a wand of mindburst (5)
 w - a wand of quicksilver (2)
 B - a wand of roots (17)
Scrolls
 g - a scroll of enchant armour {unknown}
 i - 3 scrolls of blinking {unknown}
 k - 2 scrolls of magic mapping
 p - 3 scrolls of noise {unknown}
 q - 2 scrolls of enchant weapon {unknown}
 x - 3 scrolls of teleportation
 J - a scroll of fog {unknown}
Potions
 h - 3 potions of flight
 l - a potion of brilliance
 m - 3 potions of attraction
 C - 3 potions of mutation {unknown}
 D - a potion of haste {unknown}
 H - 3 potions of degeneration {unknown}


   Skills:
 + Level 5.7 Fighting
 + Level 9.4 Long Blades
 - Level 3.0 Maces & Flails
 - Level 1.7 Throwing
 - Level 2.0 Armour
 + Level 5.7 Dodging
 - Level 3.0 Stealth
 + Level 3.3 Evocations


You had 8 spell levels left.
You didn't know any spells.
Your spell library contained the following spells:

 Spells                   Type           Power      Damage    Failure   Level
 Apportation              Tloc           0%         N/A       58%         1
 Sting                    Tmut/Pois      0%         1d3       58%         1
 Blink                    Tloc           0%         N/A       73%         2
 Ensorcelled Hibernation  Hex/Ice        0%         N/A       73%         2
 Lesser Beckoning         Tloc           0%         N/A       73%         2
 Momentum Strike          Conj/Tloc      0%         3d8       73%         2
 Passwall                 Tmut/Erth      0%         N/A       73%         2
 Poisonous Vapours        Pois/Air       0%         N/A       73%         2
 Gell's Gravitas          Tloc           0%         N/A       91%         3
 Swiftness                Air            0%         N/A       91%         3
 Teleport Other           Tloc           0%         N/A       91%         3
 Olgreb's Toxic Radiance  Pois           0%         N/A       100%        4
 Dispersal                Tloc           0%         N/A       100%        6
 Discord                  Hex            0%         N/A       100%        8
 Ignition                 Fire           0%         3d3       100%        8
 Infestation              Necr           0%         N/A       100%        8
 Necromutation            Tmut/Necr      0%         N/A       100%        8


Dungeon Overview and Level Annotations

Branches:
Dungeon (8/15)             Temple (1/1) D:7
   Lair: D:8-11

Shops:
D:8 :

Annotations:
D:8 Gastronok


Innate Abilities, Weirdness & Mutations

You have an increased reservoir of magic. (+10% MP)
You shall have no god before yourself.
Your divine heritage dramatically boosts your attributes as you level up.


Message History

Gastronok is moderately wounded.
You hit Gastronok.
Gastronok is moderately wounded.
Gastronok closely misses you.
You slash Gastronok!
Gastronok is moderately wounded.
You hit Gastronok but do no damage.
Gastronok is moderately wounded.
Gastronok bites you!!
* * * LOW HITPOINT WARNING * * *
You hit Gastronok.
Gastronok is moderately wounded.
You hit Gastronok.
Gastronok is heavily wounded.
Gastronok closely misses you.
It was a potion of curing.
You feel better.
It was a potion of flight.
You feel very buoyant.
You fly up into the air.
Gastronok misses you.
It was a potion of ambrosia.
You are confused.
You feel invigorated.
You bump into the rock wall.
Gastronok bites you!
* * * LOW HITPOINT WARNING * * *
You slash Gastronok!
Gastronok is heavily wounded.
Gastronok closely misses you.
You're too confused to move!
Unknown command.
You slash Gastronok!
Gastronok is heavily wounded.
Gastronok bites you!
You slash Gastronok!
Gastronok is severely wounded.
You feel less invigorated.
You feel less confused.
You hit Gastronok.
Gastronok is severely wounded.
Gastronok bites you!!
You die...

#..........#.### #
#..#.#######.. .###
##...# .. ##.## #.#
#.# #.. ##.# #. #..#
##.
##w##############..
#.@)......##......#
#.........##.#####.
#.........##.# #..
#............####.#
#..............#..#
####.####...####)....
#.........### ###..##
#....[###.## #...##
#.....# #..####.###


You could see Gastronok.

Vanquished Creatures
  A two-headed ogre (D:7)
  Pikel (D:6)
  Sigmund (D:5)
  A wyvern (D:6)
  A steam dragon (D:8)
  2 water moccasins
  2 black bears
  An ogre (D:6)
  3 ice beasts
  4 lemures
  3 phantoms
  3 scorpions
  A gnoll sergeant (D:8)
  6 wights
  A killer bee (D:8)
  6 hounds
  2 jellies
  An iguana (D:6)
  3 orc priests
  A sleepcap (D:7)
  Ijyb (D:4)
  An orc wizard (D:8)
  13 gnolls
  11 adders
  2 shadow imps
  3 white imps
  An ufetubus (D:5)
  3 worms
  6 dart slugs
  10 orcs
  11 endoplasms
  3 giant cockroaches
  7 hobgoblins
  2 quokkas
  11 ball pythons
  8 bats
  3 frilled lizards
  6 goblins
  10 kobolds
  4 rats
160 creatures vanquished.

Vanquished Creatures (others)
  10 plants (D:2)
10 creatures vanquished.

Grand Total: 170 creatures vanquished

Notes
Turn   | Place    | Note
-------+----------+-------------------------------------------
     0 | D:1      | erloom the Demigod Gladiator began the quest for the Orb.
     0 | D:1      | Reached XP level 1. HP: 17/17 MP: 3/3
    53 | D:1      | Reached skill level 3 in Long Blades
    53 | D:1      | Reached XP level 2. HP: 22/24 MP: 4/4
   789 | D:1      | Reached XP level 3. HP: 28/29 MP: 5/5
  1105 | D:1      | Reached skill level 4 in Long Blades
  1560 | D:2      | Reached XP level 4. HP: 36/36 MP: 6/6
  1941 | D:2      | Reached skill level 5 in Long Blades
  2196 | D:2      | Reached XP level 5. HP: 41/41 MP: 7/7
  2645 | D:3      | You fall into a shaft and drop 3 floors!
  2787 | D:5      | Entered Level 5 of the Dungeon
  2846 | D:5      | Reached skill level 6 in Long Blades
  2849 | D:5      | Reached XP level 6. HP: 38/48 MP: 8/8
  3074 | D:5      | Noticed a water moccasin
  3176 | D:4      | Noticed Ijyb
  3182 | D:4      | Killed Ijyb
  4029 | D:4      | Reached skill level 1 in Evocations
  4140 | D:4      | Reached XP level 7. HP: 53/57 MP: 9/9
  5132 | D:6      | Reached skill level 1 in Stealth
  5598 | D:6      | Noticed Pikel
  5642 | D:5      | Reached skill level 7 in Long Blades
  5913 | D:6      | Reached XP level 8. HP: 29/66 MP: 10/10
  6207 | D:7      | Noticed a two-headed ogre
  6372 | D:6      | Reached skill level 5 in Dodging
  6670 | D:6      | Noticed Sigmund
  6711 | D:5      | Killed Sigmund
  6712 | D:5      | Reached skill level 5 in Fighting
  6826 | D:6      | Killed Pikel
  6827 | D:6      | Reached skill level 8 in Long Blades
  7137 | D:7      | Reached skill level 9 in Long Blades
  7137 | D:7      | Reached skill level 1 in Maces & Flails
  7137 | D:7      | Reached XP level 9. HP: 74/74 MP: 11/11
  7228 | D:7      | Got the Compilation of Posthumous Location
  7251 | D:7      | Found a staircase to the Ecumenical Temple.
  7266 | Temple   | Entered the Ecumenical Temple
  7372 | D:7      | Killed a two-headed ogre
  7373 | D:7      | Reached skill level 1 in Armour
  7818 | D:8      | Noticed Gastronok
  8519 | D:8      | HP: 3/73 [steam dragon (8)]
  8767 | D:8      | Found Pebbyulu's Book Boutique.
  8908 | D:8      | Slain by Gastronok

Illustrated notes

Levels and vault maps discovered:
D:1:      zaba_arrival_water, layout_loops_corners
D:2:      minmay_diamond_boxcup, layout_basic, basic_altar,
          nicolae_grassy_gnolls
D:3:      layout_basic, shapermc_ecumenical_altar_gd, minmay_box_of_dots
D:4:      layout_cave_pools, kennysheep_generic_room_2, uniq_ijyb
D:5:      layout_rooms, small_statue_intersection
D:6:      layout_cave_pods, mainiacjoe_overflow_six_doors_small,
          kennysheep_crisscross, uniq_sigmund, uniq_pikel
D:7:      layout_rooms, minmay_temple_entry_glass
D:8:      layout_rooms, minmay_shop_grid_forest, uniq_gastronok
Temple:   roderic_octagonal_lattice_temple

Skill      XL: |  1  2  3  4  5  6  7  8  9 |
---------------+----------------------------+-----
Long Blades    | 3 4 5 6 7 9 |  9.4
Fighting       | 2 3 4 5 |  5.7
Dodging        | 3 4 5 |  5.7
Evocations     | 1 2 3 |  3.3
Stealth        | 2 3 |  3.0
Maces & Flails | 1 3 |  3.0
Armour         | 2 |  2.0
Throwing       | |  1.7

Action                     |  1- 3 |  4- 6 |  7- 9 || total
---------------------------+-------+-------+-------++-------
  Melee: Long sword        |   120 |   159 |   309 ||   588
         Punch             |     3 |     3 |     5 ||    11
  Throw: Throwing net      |       |       |     1 ||     1
  Evoke: Wand              |       |       |     8 ||     8
    Use: Scroll            |       |       |     7 ||     7
         Potion            |       |       |     4 ||     4
   Stab: Sleeping          |     1 |    11 |     1 ||    13
 Armour: Leather armour    |    35 |    26 |       ||    61
         Ring mail         |       |    12 |    70 ||    82
  Dodge: Dodged            |    75 |   114 |   199 ||   388
